AoeStats
← [ KOF ] M. Kowalski

Arabia

507854949Analyzed
2v2 RM · 12d ago on Sep 19, 2026· 33m 17s· 4 players
Game mode
Random Map
Map size
Medium (4 player)
Population
200
Speed
Normal
Resources
Standard
Victory
Conquest
Starting age
Dark Age
Ending age
Imperial Age
RankedLock teamsTeams togetherTeam positionsShared explorationLock speedFull tech treeHidden civsTurbo modeCheats
Victory
Defeat
🇲🇽 Maya · Mexico
1379
+13
🇦🇷 Lithuanians · Argentina
1316
+16
🇦🇷 Ethiopians · Argentina
1327
-15
🇦🇷 Burgundians · Argentina
1301
-14
C h u c k
5:44 Loom
8:50 Feudal Age
7:54 Double-Bit Axe
8:27 Horse Collar
17:26 Town Watch
17:58 Scale Barding Armor
21:43 Castle Age
20:44 Forging
20:59 Bow Saw
20:50 Heavy Plow
22:26 Husbandry
21:53 Cavalier
24:38 Two-Man Saw
26:10 Chain Barding Armor
26:42 Wheelbarrow
31:58 Town Patrol
Calavera
7:01 Loom
9:08 Feudal Age
19:04 Fletching
21:41 Padded Archer Armor
26:29 Castle Age
27:17 Double-Bit Axe
27:26 Gold Mining
27:05 Crossbowman
27:41 Bodkin Arrow
28:02 Leather Archer Armor
28:10 Elite Skirmisher
[ KOF ] M. Kowalski
5:09 Loom
9:32 Feudal Age
10:16 Double-Bit Axe
12:35 Horse Collar
16:29 Town Watch
20:24 Castle Age
19:30 Bloodlines
21:30 Wheelbarrow
22:53 Husbandry
23:45 Forging
23:42 Scale Barding Armor
23:48 Forging
24:33 Bow Saw
25:38 Gold Mining
27:03 Chain Barding Armor
~KOF~Legonas
0:26 Loom
9:40 Feudal Age
10:21 Double-Bit Axe
15:19 Town Watch
15:19 Horse Collar
18:45 Fletching
19:52 Padded Archer Armor
25:59 Castle Age
24:11 Gold Mining
26:04 Crossbowman
27:35 Bodkin Arrow
30:36 Leather Archer Armor
32:53 Wheelbarrow
33:01 Ballistics
32:54 Bow Saw
Connection lost

Rejoining the realm…

Still unreachable

The connection could not be restored.

Session expired

The server has moved on; the page needs a fresh start.